 Dungeon Crawl Stone Soup version 0.17.0-15-g6d90897 (webtiles) character file.

6765 4thArraOfDagon the Cleaver (level 11, -9/58 HPs)
             Began as a Vine Stalker Berserker on Nov 10, 2015.
             Was a Priest of Trog.
             Hit by a large rock thrown by a cyclops (35 damage)
             ... on level 12 of the Dungeon.
             The game lasted 00:11:26 (2145 turns).

4thArraOfDagon the Cleaver (Vine Stalker Berserker) Turns: 2145, Time: 00:11:26

Health: -9/58      AC:  7    Str: 22    XL:     11   Next: 4%
Magic:  0/16       EV: 11    Int:  9    God:    Trog [***...]
Gold:   265        SH:  0    Dex: 15    Spells: 0 memorised, 10 levels left

rFire  . . .     SeeInvis .     k - +0 hand axe (vamp)
rCold  . . .     Clarity  .     G - +1 ring mail of the Morning Star {Int+2} (curse)
rNeg   + . .     SustAt   .     (no shield)
rPois  .         Gourm    .     (no helmet)
rElec  .         Spirit   +     (no cloak)
rCorr  .         Warding  .     (no gloves)
rMut   .         Stasis   .     (no boots)
MR     +++..                    (no amulet)
Stlth  +.........               (no ring)
                                v - ring of positive energy

@: regenerating, extremely resistant to hostile enchantments, very unstealthy
A: fangs 3, regeneration 2, magic shield, antimagic bite, no device heal 3, rot
immunity
a: Berserk, Trog's Hand, Burn Spellbooks, Renounce Religion


You were on level 12 of the Dungeon.
You worshipped Trog.
Trog was most pleased with you.
You were not hungry.

You visited 1 branch of the dungeon, and saw 14 of its levels.

You collected 265 gold pieces.

Inventory:

Hand Weapons
 k - a +0 vampiric hand axe (weapon)
Armour
 G - the cursed +1 ring mail of the Morning Star (worn) {Int+2}
   (You found it on level 13 of the Dungeon)

   It affects your intelligence (+2).
   It has a curse placed upon it.
Jewellery
 v - a ring of positive energy (left hand)
 E - a cursed -4 ring of dexterity {unknown}
Wands
 w - a wand of lightning (6)
 A - a wand of paralysis (5)
 B - a wand of magic darts (4)
 F - a wand of slowing (41)
Scrolls
 a - a scroll of enchant weapon {unknown}
 g - 3 scrolls of remove curse
 h - 2 scrolls of random uselessness {unknown}
 i - a scroll of recharging
 n - a scroll of fear {unknown}
 o - a scroll of blinking {unknown}
 r - a scroll of noise {unknown}
 y - 3 scrolls of enchant armour {unknown}
Potions
 c - a potion of agility {unknown}
 e - 2 potions of invisibility {unknown}
 f - a potion of haste {unknown}
 q - 4 potions of curing {unknown}
 t - a potion of magic {unknown}
 x - a potion of resistance {unknown}
 z - 2 potions of brilliance {unknown}
 C - 3 potions of poison {unknown}
 D - a potion of might {unknown}
Comestibles
 b - a beef jerky
 j - 25 fruits
 m - a meat ration
 p - a royal jelly
 s - a bread ration
 u - a slice of pizza


   Skills:
 + Level 7.6 Fighting
 * Level 10.3 Axes
 + Level 6.5 Armour
 - Level 1.5 Dodging
 + Level 5.6 Evocations


You had 10 spell levels left.
You didn't know any spells.

Dungeon Overview and Level Annotations

Branches:
Dungeon (14/15)
 Temple: D:4-7         Lair: D:8-11         Orc: D:9-12      Vaults: D:13-14

Altars:
Gozag

Annotations:
D:10 Maud
D:12 Snorg


Innate Abilities, Weirdness & Mutations

You have razor-sharp teeth.
You heal very quickly.
When hurt, damage is shared between your health and your magic reserves.
Your bite disrupts and absorbs the magic of your enemies.
Potions and wands cannot restore your health.
You are immune to rotting.


Message History

There is an escape hatch in the floor here.
Unknown command.
You feel yourself speed up.
The crimson imp blinks! x2
The cyclops throws a large rock.
The large rock hits you!!!
Ouch! That really hurt!
You see here a large rock.
Unknown command.
Unknown command.
Your skin crawls.
You feel resistant to hostile enchantments.
You feel slightly more hungry.
Unknown command.
Unknown command.
The crimson imp blinks!
Unknown command.
Unknown command.
The cyclops throws a large rock.
The large rock hits you!!!
Ouch! That really hurt!
You die...

.........#
#...................#
#...................#
#...................#
#...................#
#.....5.............#
#...................#
#............
#....@...C......
#...................#
#....W..............#
#...>...............#
#..(................#
#...(...............#
#...................#
#...................#
#.....(............>#


You could see a cyclops, a hungry ghost and a crimson imp.

Vanquished Creatures
  A centaur warrior (D:13)
  Urug (D:11)
  An unseen horror (D:12)
  A hill giant (D:12)
  A troll (D:11)
  A two-headed ogre (D:12)
  5 yaks (D:10)
  2 deep elf magi
  A wraith (D:13)
  A black bear (D:11)
  3 ogres
  13 centaurs
  An orc warrior (D:12)
  A wyvern zombie (D:13)
  2 big kobolds
  4 giant frogs
  2 scorpions
  11 killer bees
  A crimson imp (D:11)
  A giant frog zombie (D:13)
  A giant frog skeleton (D:7)
  2 jellies
  2 hounds
  3 iguanas
  2 orc wizards (D:3)
  5 worker ants
  3 adders
  2 worms
  A giant gecko (D:3)
  14 orcs
  A giant cockroach (D:1)
  A hobgoblin (D:1)
  4 jackals (D:9)
  A quokka (D:11)
  3 bats
  4 goblins
  5 kobolds
  2 rats (D:3)
110 creatures vanquished.

Vanquished Creatures (others)
  A wasp (D:12)
1 creature vanquished.

Grand Total: 111 creatures vanquished

Notes
Turn   | Place    | Note
--------------------------------------------------------------
     0 | D:1      | 4thArraOfDagon the Vine Stalker Berserker began the quest for the Orb.
     0 | D:1      | Reached XP level 1. HP: 11/11 MP: 2/2
     0 | D:1      | last
   112 | D:1      | Reached skill level 3 in Axes
   153 | D:1      | Reached XP level 2. HP: 4/16 MP: 1/3
   218 | D:3      | Reached XP level 3. HP: 19/19 MP: 4/4
   222 | D:3      | Reached XP level 4. HP: 24/24 MP: 5/5
   302 | D:3      | Reached skill level 4 in Axes
   381 | D:3      | Reached ** piety under Trog
   413 | D:4      | Reached XP level 5. HP: 28/28 MP: 6/6
   531 | D:5      | Entered Level 5 of the Dungeon
   558 | D:6      | Noticed an ogre
   568 | D:6      | Killed an ogre
   568 | D:6      | Gained mutation: You heal very quickly. [Vine Stalker growth]
   568 | D:6      | Reached XP level 6. HP: 33/33 MP: 7/7
   588 | D:6      | Noticed a centaur
   609 | D:6      | Killed a centaur
   609 | D:6      | Reached skill level 5 in Axes
   642 | D:6      | Found an opulent altar of Gozag.
   694 | D:6      | Noticed a phantom
   768 | D:7      | You fall through a shaft!
   797 | D:7      | Reached XP level 7. HP: 35/37 MP: 6/8
   814 | D:7      | Reached skill level 6 in Axes
   824 | D:7      | Gained mutation: You have razor-sharp teeth. [Vine Stalker growth]
   824 | D:7      | Reached XP level 8. HP: 37/42 MP: 9/9
   955 | D:10     | Entered Level 10 of the Dungeon
   964 | D:10     | Noticed Maud
   996 | D:9      | Reached skill level 1 in Evocations
   997 | D:9      | Reached skill level 5 in Fighting
  1009 | D:9      | Reached skill level 7 in Axes
  1168 | D:10     | Reached XP level 9. HP: 47/47 MP: 11/11
  1178 | D:10     | Reached *** piety under Trog
  1178 | D:10     | Reached skill level 8 in Axes
  1347 | D:11     | Noticed Urug
  1369 | D:11     | Killed Urug
  1369 | D:11     | Reached skill level 5 in Armour
  1414 | D:12     | Noticed a cyclops
  1517 | D:11     | Noticed a seven-headed hydra
  1579 | D:12     | Killed an unseen horror
  1579 | D:12     | Reached skill level 9 in Axes
  1579 | D:12     | Reached XP level 10. HP: 18/53 MP: 3/14
  1670 | D:12     | Noticed a hill giant
  1685 | D:12     | Killed a hill giant
  1725 | D:12     | Noticed Snorg
  1891 | D:13     | Reached skill level 5 in Evocations
  1904 | D:13     | Noticed a centaur warrior
  1905 | D:13     | Noticed a purple ugly thing
  1916 | D:13     | Killed a centaur warrior
  1916 | D:13     | Reached skill level 10 in Axes
  2000 | D:13     | Reached XP level 11. HP: 58/58 MP: 16/16
  2042 | D:13     | Got a pitted ring mail
  2086 | D:13     | Identified the cursed +1 ring mail of the Morning Star {Int+2} (You found it on level 13 of the Dungeon)
  2092 | D:13     | :(
  2114 | D:13     | Noticed a cyan ugly thing
  2145 | D:12     | Hit by a large rock thrown by a cyclops

Action                   |  1- 3 |  4- 6 |  7- 9 | 10-12 || total
-------------------------+-------+-------+-------+-------++-------
Melee: Hand axe          |    34 |    93 |   169 |    81 ||   377
Invok: Berserk           |     2 |     3 |     4 |     6 ||    15
       Trog's Hand       |       |     1 |     4 |     4 ||     9
Evoke: Wand              |       |       |     1 |     3 ||     4
  Use: Scroll            |       |     3 |     2 |       ||     5
 Stab: Paralysed         |       |       |     4 |     2 ||     6
  Eat: Chunk             |       |     5 |     7 |     9 ||    21
       Bread ration      |       |     1 |       |       ||     1
